 Dungeon Crawl Stone Soup version 0.18-a0-596-g6468885 (webtiles) character file.

10009693 ololoev the Mummy Blade (level 27, 228/228 HPs)
             Began as a Mummy Enchanter on Dec 1, 2015.
             Was an Initiate of Gozag.
             Escaped with the Orb
             ... and 15 runes on Dec 3, 2015!
             The game lasted 13:44:14 (170109 turns).

ololoev the Mummy Blade (Mummy Enchanter)         Turns: 170109, Time: 13:44:14

Health: 228/228    AC: 50    Str: 25    XL:     27
Magic:  10/45      EV: 22    Int: 31    God:    Gozag
Gold:   4396       SH: 29    Dex: 13    Spells: 9 memorised, 24 levels left

rFire  + + .     SeeInvis +     a - +9 demon blade (flame)
rCold  + + .     Clarity  +     A - +8 orange crystal plate armour {Archmagi, Int+3 Clar SustAt}
rNeg   + + +     SustAt   +     o - +5 large shield {rF+}
rPois  ∞         Gourm    .     H - +3 crown of Dyrovepreva {rElec Int+2 SInv}
rElec  +         Spirit   .     l - +2 cloak {+Inv}
rCorr  +         Dismiss  .     F - +2 pair of gloves {Str+3}
rMut   .         Stasis   .     q - +2 pair of boots of Gallantry {rF+ rC+ MR+++ Str-3}
MR     +++++                    w - amulet "Qolar" {rCorr rElec Str+3}
Stlth  ..........               y - ring "Mef Rep" {Wiz rF+ rN+ Str+3 Int+4 Dex+3}
                                u - ring of Shaolin {EV+8}

@: almost entirely resistant to hostile enchantments, extremely unstealthy
A: no food or potions, fire vulnerability, cold resistance 1, negative energy
resistance 3, torment resistance, unbreathing, in touch with death 2, restore
body
a: Self-Restoration, Potion Petition, Call Merchant, Bribe Branch, Renounce
Religion, Evoke Invisibility
0: Orb of Zot
}: 15/15 runes: decaying, slimy, silver, golden, iron, obsidian, icy, bone,
abyssal, demonic, glowing, magical, fiery, dark, gossamer


Innate Abilities, Weirdness & Mutations

You do not eat or drink.
Your flesh is vulnerable to fire.
You are immune to poison.
Your flesh is cold resistant.
You are immune to negative energy.
You are immune to unholy pain and torment.
You can survive without breathing.
You are strongly in touch with the powers of death.
You can restore your body by infusing magical energy.

Inventory:

Hand Weapons
 a - a +9 demon blade of flaming (weapon)
 C - a +9 vampiric demon blade
Armour
 l - a +2 cloak of invisibility (worn)
 o - a +5 large shield of fire resistance (worn)
 q - the +2 pair of boots of Gallantry (worn) {rF+ rC+ MR+++ Str-3}
   (You bought it in a shop on level 10 of the Dungeon)

   It affects your strength (-3).
   It protects you from fire.
   It protects you from cold.
   It affects your resistance to hostile enchantments.
 A - the +8 orange crystal plate armour (worn) {Archmagi, Int+3 Clar SustAt}
   (You bought it in a shop on level 4 of the Orcish Mines)

   It affects your intelligence (+3).
   It sustains your strength, intelligence and dexterity.
   It protects you against confusion.
 F - a +2 pair of gloves of strength (worn)
 G - the +2 robe of vines {NoDeviceHeal Regen+7}
   (You bought it in a shop on level 15 of the Dungeon)

   It increases your rate of regeneration.
 H - the +3 crown of Dyrovepreva (worn) {rElec Int+2 SInv}
   (You bought it in a shop on level 15 of the Dungeon)

   It affects your intelligence (+2).
   It insulates you from electricity.
   It lets you see invisible.
Magical Staves
 s - an uncursed staff of energy
Rods
 b - a +8 rod of clouds (12/12)
   (You took it off an orc sorcerer on level 1 of the Vaults)
Jewellery
 u - the ring of Shaolin (left hand) {EV+8}
   (You found it in an ice cave)

   [ring of evasion]

   It affects your evasion (+8).
 w - the amulet "Qolar" (around neck) {rCorr rElec Str+3}
   (You found it on level 3 of the Lair of Beasts)

   [amulet of resist corrosion]

   It protects you from acid and corrosion.
   It affects your strength (+3).
   It insulates you from electricity.
 y - the ring "Mef Rep" (right hand) {Wiz rF+ rN+ Str+3 Int+4 Dex+3}
   (You bought it in a shop on level 15 of the Dungeon)

   [ring of wizardry]

   It improves your spell success rate.
   It affects your strength (+3).
   It affects your intelligence (+4).
   It affects your dexterity (+3).
   It protects you from fire.
   It protects you from negative energy.
Wands
 d - a wand of digging (15)
 k - a wand of disintegration (3)
 z - a wand of teleportation (5)
 I - a wand of heal wounds (6)
Scrolls
 c - 7 scrolls of teleportation
 g - a scroll of summoning
 h - 15 scrolls of amnesia
 i - 6 scrolls of magic mapping
 j - 20 scrolls of fog
 p - 38 scrolls of identify
 t - 56 scrolls of remove curse
 v - 2 scrolls of blinking
 x - 12 scrolls of recharging
Miscellaneous
 e - a fan of gales
 f - an ornate deck of changes {Wild Magic, drawn: 4}
 m - a figurine of a ziggurat
 n - a legendary deck of escape {Solitude}
 r - an ornate deck of defence {the Alchemist, drawn: 4}
 B - a legendary deck of wonders {the Alchemist, drawn: 1}
 D - a phial of floods
 E - an ornate deck of changes {the Alchemist, drawn: 2}
 K - an ornate deck of wonders {the Alchemist, drawn: 2}


   Skills:
 + Level 21.1 Fighting
   Level 10.1(17.5) Short Blades
 * Level 22.2(22.8) Long Blades
 + Level 21.7 Armour
 + Level 19.9 Dodging
 - Level 10.0 Stealth
 + Level 21.7 Shields
 - Level 18.5 Spellcasting
 - Level 21.9 Conjurations
 - Level 13.0 Hexes
 - Level 14.3 Summonings
 - Level 13.2 Necromancy
 - Level 7.9 Translocations
 - Level 14.0 Earth Magic
 * Level 21.7 Evocations


You had 24 spell levels left.
You knew the following spells:

 Your Spells              Type           Power        Failure   Level  Hunger
a - Orb of Destruction    Conj           ########..   1%          7    N/A
b - Dispel Undead         Necr           ########     1%          5    N/A
c - Confuse               Hex            ########     1%          3    N/A
d - Tukima's Dance        Hex            ########     1%          3    N/A
e - Fulminant Prism       Conj/Hex       ########..   1%          4    N/A
f - Iron Shot             Conj/Erth      ########..   1%          6    N/A
g - Aura of Abjuration    Summ           ########..   1%          5    N/A
h - Apportation           Tloc           #######...   1%          1    N/A
q - Lee's Rapid Deconstr  Erth           ########..   1%          5    N/A
 You escaped. You worshipped Gozag. Gozag was noncommittal. You were not hungry. You visited 17 branches of the dungeon, and saw 94 of its levels. You visited Pandemonium 4 times, and saw 34 of its levels. You visited the Abyss 2 times. You visited 1 ziggurat, and saw 13 of its levels. You also visited: Ice Cave and Volcano. You collected 76104 gold pieces. You spent 13048 gold pieces at shops. You paid 58660 gold pieces to Gozag. .......###......# #........ ###....##.......## ######### #....##........# ##...##........# #### #...#....##...# #... #...#...####..## #.## #...#...# #...# #.# #####...####...######### #.# #....##..@.#.......# #)# ###.........#######.# #.# ##### #.##....[...# #.# #.# ....# #..........## #÷# #.# #######....##....# #####.## #.# # #......###.## #......###.## # #.......#### #.###........ # #....#....## #.# #.####.##      ######...###....## #)#         #.#  #.#

Notes
Turn   | Place    | Note
--------------------------------------------------------------
     0 | D:1      | ololoev the Mummy Enchanter began the quest for the Orb.
     0 | D:1      | Reached XP level 1. HP: 13/13 MP: 3/3
    54 | D:1      | Reached skill level 1 in Short Blades
   349 | D:1      | Reached XP level 2. HP: 16/19 MP: 5/5
   353 | D:1      | Learned a level 2 spell: Ensorcelled Hibernation
   932 | D:1      | Reached skill level 3 in Hexes
  1141 | D:1      | Reached XP level 3. HP: 24/24 MP: 3/6
  1151 | D:1      | Learned a level 3 spell: Confuse
  1575 | D:2      | Found a basalt altar of Yredelemnul.
  1612 | D:2      | Noticed Jessica
  1714 | D:1      | Killed Jessica
  1981 | D:1      | Reached XP level 4. HP: 22/30 MP: 1/7
  2773 | D:3      | Noticed Avanven's ghost (amateur GrCK)
  2825 | D:3      | Reached XP level 5. HP: 35/35 MP: 4/9
  2887 | D:3      | Found a stormy altar of Qazlal.
  3965 | D:3      | Reached skill level 4 in Hexes
  4021 | D:4      | Found a burning altar of Makhleb.
  4058 | D:4      | Found a shadowy altar of Dithmenos.
  4085 | D:4      | Reached XP level 6. HP: 35/41 MP: 10/10
  5071 | D:3      | Learned a level 3 spell: Tukima's Dance
  5310 | D:4      | Reached XP level 7. HP: 14/46 MP: 7/12
  5709 | D:4      | Found a snail-covered altar of Cheibriados.
  5903 | D:5      | Entered Level 5 of the Dungeon
  6026 | D:4      | Killed Avanven's ghost
  6026 | D:4      | Reached skill level 5 in Hexes
  6178 | D:5      | Found an opulent altar of Gozag.
  6178 | D:5      | Found a glowing silver altar of Zin.
  6216 | D:5      | Became a worshipper of Gozag Ym Sagoz the Greedy
  6360 | D:5      | Found a staircase to the Ecumenical Temple.
  6391 | D:5      | Reached XP level 8. HP: 45/52 MP: 8/13
  6448 | D:5      | Found a shimmering altar of Xom.
  6461 | D:5      | Found Muloqi's Magic Scroll Emporium.
  6466 | D:5      | Bought a scroll of enchant armour for 82 gold pieces
  6466 | D:5      | Bought a scroll of enchant weapon for 82 gold pieces
  6576 | D:5      | Found a white marble altar of Elyvilon.
  6803 | D:6      | Found an iron altar of Okawaru.
  6847 | D:5      | Reached skill level 6 in Hexes
  6870 | D:6      | Reached skill level 5 in Short Blades
  6959 | D:6      | Found Lirisa's Gadget Emporium.
  7629 | D:6      | Found an iron altar of Okawaru.
  7719 | D:7      | Noticed Joseph
  7882 | D:6      | Reached XP level 9. HP: 52/57 MP: 4/16
  7956 | D:6      | Reached skill level 7 in Hexes
  8187 | D:7      | Reached skill level 5 in Stealth
  8242 | D:7      | Killed Joseph
  8242 | D:7      | Reached skill level 5 in Spellcasting
  8685 | D:7      | Noticed Prince Ribbit
  8694 | D:7      | Killed Prince Ribbit
  8712 | D:7      | Learned a level 4 spell: Fulminant Prism
  8747 | D:7      | Reached skill level 8 in Hexes
  9021 | D:7      | Reached skill level 1 in Conjurations
  9181 | D:8      | Found a shattered altar of Ashenzari.
  9290 | D:5      | Bought a scroll of identify for 22 gold pieces
  9290 | D:5      | Bought a scroll of blinking for 82 gold pieces
  9290 | D:5      | Bought a scroll of identify for 22 gold pieces
  9290 | D:5      | Bought a scroll of identify for 22 gold pieces
  9290 | D:5      | Bought a scroll of silence for 82 gold pieces
  9374 | D:7      | Reached XP level 10. HP: 63/63 MP: 12/18
  9593 | D:8      | Found a shimmering altar of Xom.
 10376 | D:8      | Found a radiant altar of Vehumet.
 10619 | D:9      | Reached skill level 9 in Hexes
 10706 | D:9      | Found Qakaess's Armour Boutique.
 10780 | D:9      | Found a deep blue altar of Sif Muna.
 10990 | D:9      | Found a staircase to the Lair.
 11115 | D:9      | Reached skill level 1 in Armour
 11124 | D:9      | Reached skill level 1 in Fighting
 11803 | D:10     | Entered Level 10 of the Dungeon
 11852 | D:10     | Reached XP level 11. HP: 64/70 MP: 16/20
 12297 | D:10     | Bought a runed helmet for 139 gold pieces
 12297 | D:10     | Bought an opalescent robe for 176 gold pieces
 12319 | D:10     | Identified the cursed +1 robe of the Sun {Regen+ Str+4} (You bought it in a shop on level 10 of the Dungeon)
 12323 | D:10     | Bought a translucent cloak for 294 gold pieces
 12326 | D:10     | Identified the cursed -3 cloak "Dureor" {rPois Dex+4} (You bought it in a shop on level 10 of the Dungeon)
 13063 | D:11     | Noticed Grum
 13082 | D:11     | Killed Grum
 13608 | D:11     | Found a staircase to the Orcish Mines.
 13651 | D:11     | Noticed a hill giant
 13686 | D:11     | Reached skill level 5 in Conjurations
 13706 | D:11     | Killed a hill giant
 14025 | Orc:1    | Entered Level 1 of the Orcish Mines
 14148 | D:11     | Noticed a five-headed hydra
 14159 | D:11     | Killed a five-headed hydra
 14607 | D:6      | Bought a wand of digging (7) for 286 gold pieces
 15958 | Orc:2    | Reached XP level 12. HP: 73/81 MP: 4/22
 16825 | Orc:2    | Noticed an orc warlord
 17229 | Orc:2    | Killed an orc warlord
 17365 | Orc:2    | Found a roughly hewn altar of Beogh.
 18030 | Orc:3    | Reached skill level 10 in Hexes
 18085 | Orc:3    | Found a roughly hewn altar of Beogh.
 18213 | Orc:3    | Found a frozen archway.
 18316 | IceCv    | Entered an ice cave
 18937 | IceCv    | Noticed an ice dragon
 18939 | IceCv    | Noticed an ice dragon
 18967 | IceCv    | Killed an ice dragon
 19037 | IceCv    | Killed an ice dragon
 19760 | Orc:4    | Entered Level 4 of the Orcish Mines
 19788 | Orc:4    | Found Migh's Antique Armour Shoppe.
 20056 | Orc:3    | Gained mutation: You are in touch with the powers of death. [Mummy growth]
 20056 | Orc:3    | Gained mutation: You can restore your body by infusing magical energy. [Mummy growth]
 20056 | Orc:3    | Reached XP level 13. HP: 76/90 MP: 6/24
 20247 | Orc:4    | Bought a glowing cloak for 81 gold pieces
 20316 | Orc:4    | Found a staircase to the Elven Halls.
 20705 | Orc:4    | Noticed an orc warlord
 20722 | Orc:4    | Killed an orc warlord
 20794 | Orc:4    | Reached skill level 5 in Fighting
 20905 | Orc:4    | Found Futrukh's Book Emporium.
 21213 | Orc:4    | Found Zuept's General Store.
 21349 | Orc:4    | Bought a scroll of identify for 30 gold pieces
 21349 | Orc:4    | Bought a scroll of identify for 30 gold pieces
 21374 | Orc:4    | Found Kaxough's Antique Weapon Boutique.
 21766 | D:10     | Bought a warped scale mail for 279 gold pieces
 21768 | D:10     | Identified the cursed +0 scale mail of Disappointment {MP+9 Str+4} (You bought it in a shop on level 10 of the Dungeon)
 21772 | D:10     | Bought a glowing shadow dragon armour for 2480 gold pieces
 21837 | D:10     | Bought a pair of jewelled boots for 266 gold pieces
 21838 | D:10     | Identified the +2 pair of boots of Gallantry {rF+ rC+ MR+++ Str-3} (You bought it in a shop on level 10 of the Dungeon)
 21848 | D:10     | Bought a polished ring mail for 252 gold pieces
 21849 | D:10     | Identified the +4 ring mail "Voekot" {Str+3} (You bought it in a shop on level 10 of the Dungeon)
 21882 | D:10     | Bought an ichor-stained scale mail for 252 gold pieces
 21883 | D:10     | Identified the +2 scale mail of Blue Skies {*Corrode rPois Str+3} (You bought it in a shop on level 10 of the Dungeon)
 21975 | Lair:1   | Entered Level 1 of the Lair of Beasts
 21991 | Lair:1   | Noticed Nergalle
 22006 | Lair:1   | Killed Nergalle
 22567 | Lair:1   | Reached skill level 10 in Short Blades
 23474 | D:10     | Bought an ichor-stained chain mail for 266 gold pieces
 23475 | D:10     | Identified the +4 chain mail "Pihym" {rPois} (You bought it in a shop on level 10 of the Dungeon)
 24160 | Lair:2   | Noticed Fannar
 24170 | Lair:2   | Killed Fannar
 24875 | Lair:2   | Reached skill level 1 in Long Blades
 25219 | Lair:3   | Found a hole to the Spider Nest.
 25679 | Lair:3   | Got a steaming diamond amulet
 25842 | Lair:3   | Reached skill level 5 in Armour
 25954 | Lair:4   | Reached skill level 1 in Shields
 26064 | Lair:4   | Reached XP level 14. HP: 100/100 MP: 26/26
 26116 | Lair:4   | Identified the amulet "Qolar" {rCorr rElec Str+3} (You found it on level 3 of the Lair of Beasts)
 26137 | Lair:4   | Found a dark tunnel.
 26144 | Volcano  | Entered a volcano
 26407 | Volcano  | Reached skill level 5 in Dodging
 27013 | Lair:4   | Noticed Josephine
 27035 | Lair:4   | Killed Josephine
 29021 | Lair:6   | Found a sparkling altar of Nemelex Xobeh.
 29322 | Lair:6   | Noticed Snorg
 29345 | Lair:6   | Killed Snorg
 29585 | Lair:6   | Found a staircase to the Swamp.
 29731 | Lair:6   | Found a glowing silver altar of Zin.
 30793 | Lair:7   | Identified a +0 rod of ignition (12/12) (You found it on level 7 of the Lair of Beasts)
 31067 | Lair:8   | Entered Level 8 of the Lair of Beasts
 31567 | Lair:8   | Reached XP level 15. HP: 95/108 MP: 15/27
 31944 | Lair:8   | Found a staircase to the Slime Pits.
 32306 | Lair:8   | Reached skill level 5 in Long Blades
 34034 | Orc:4    | Bought a slimy ring mail for 162 gold pieces
 34034 | Orc:4    | Bought an ichor-stained ring mail for 162 gold pieces
 34035 | Orc:4    | Identified the +4 ring mail of the Armoured One {rPois MR+ Dex+6} (You bought it in a shop on level 4 of the Orcish Mines)
 34036 | Orc:4    | Identified the +5 ring mail of Philately {rElec rF+} (You bought it in a shop on level 4 of the Orcish Mines)
 34081 | Orc:4    | Bought the +8 orange crystal plate armour {Archmagi, Int+3 Clar SustAt} for 2464 gold pieces
 34259 | D:10     | Bought a shiny large shield for 139 gold pieces
 34721 | D:12     | Identified Mothyucza's Guide on Slavery and Intoxication
 34755 | D:12     | Noticed a storm dragon
 34768 | D:12     | Killed a storm dragon
 35322 | D:13     | Found a sacrificial altar of Ru.
 36451 | D:14     | Found a gate to the Vaults.
 36750 | D:14     | Reached skill level 10 in Conjurations
 37573 | D:15     | Entered Level 15 of the Dungeon
 37996 | D:15     | Found a staircase to the Depths.
 38018 | D:15     | Bought the ring "Mef Rep" {Wiz rF+ rN+ Str+3 Int+4 Dex+3} for 1107 gold pieces
 38138 | D:15     | Noticed Rupert
 38303 | D:15     | Found a stormy altar of Qazlal.
 38351 | D:15     | Reached XP level 16. HP: 67/117 MP: 3/29
 38782 | D:15     | Noticed Louise
 38816 | D:15     | Killed Louise
 38843 | D:15     | Found a runed door.
 38941 | D:15     | Killed Rupert
 39539 | Spider:1 | Entered Level 1 of the Spider Nest
 40121 | Spider:1 | Noticed Kirke
 40147 | Spider:1 | Killed Kirke
 40766 | Spider:2 | Reached skill level 5 in Shields
 40808 | Spider:2 | Noticed Aizul
 40839 | Spider:2 | Noticed Arachne
 41353 | Spider:2 | Killed Arachne
 41438 | Spider:2 | Killed Aizul
 42357 | Spider:2 | Reached skill level 11 in Hexes
 43268 | Spider:3 | Upgraded the game from 0.18-a0-455-gc7d4c65 to 0.18-a0-486-gab6c0bd
 43363 | Spider:3 | Reached skill level 10 in Spellcasting
 43729 | Spider:3 | Identified a scroll of acquirement
 44317 | Spider:3 | Reached XP level 17. HP: 125/125 MP: 19/31
 44584 | Spider:4 | Entered Level 4 of the Spider Nest
 44608 | Spider:3 | Reached skill level 10 in Stealth
 47723 | Spider:4 | Got a gossamer rune of Zot
 48706 | Swamp:1  | Entered Level 1 of the Swamp
 50224 | Swamp:2  | Found a radiant altar of Vehumet.
 50247 | Swamp:2  | Noticed Donald
 50301 | Swamp:2  | Killed Donald
 50346 | Swamp:2  | Reached skill level 12 in Conjurations
 51779 | Swamp:3  | Reached skill level 10 in Fighting
 51940 | Swamp:3  | Reached XP level 18. HP: 99/134 MP: 32/32
 52590 | Swamp:4  | Entered Level 4 of the Swamp
 52847 | Swamp:4  | Noticed Nikola
 53041 | Swamp:4  | Killed Nikola
 54045 | Swamp:4  | Got a decaying rune of Zot
 54831 | Vaults:1 | Entered Level 1 of the Vaults
 55073 | Vaults:1 | Reached skill level 10 in Long Blades
 57278 | Vaults:2 | Reached XP level 19. HP: 126/143 MP: 13/33
 57850 | Vaults:2 | Found Kerrudi's Armour Shop.
 58020 | Vaults:2 | Identified a +8 rod of clouds (12/12) (You took it off an orc sorcerer on level 1 of the Vaults)
 58496 | Vaults:2 | Got an ancient scale mail
 58497 | Vaults:2 | Identified the +4 scale mail "Vicsarch" {MR- Str+8} (You found it on level 2 of the Vaults)
 59916 | Orc:4    | Bought a book of Hinderance for 260 gold pieces
 59917 | Orc:4    | Bought a book of Power for 585 gold pieces
 59925 | Orc:4    | Learned a level 7 spell: Orb of Destruction
 59932 | Orc:4    | Learned a level 6 spell: Iron Shot
 60240 | D:12     | Learned a level 5 spell: Aura of Abjuration
 60423 | Vaults:3 | Reached skill level 10 in Armour
 61541 | Vaults:3 | Found a staircase to the Crypt.
 62504 | Vaults:3 | Reached XP level 20. HP: 148/153 MP: 32/34
 63740 | Vaults:4 | Reached skill level 10 in Dodging
 65760 | Elf:1    | Entered Level 1 of the Elven Halls
 66799 | Elf:2    | Found a runed gate.
 66799 | Elf:2    | Found a runed gate.
 66800 | Elf:2    | Found a runed gate.
 67245 | Elf:2    | Reached skill level 13 in Long Blades
 68116 | Elf:3    | Entered Level 3 of the Elven Halls
 68851 | Elf:3    | Reached XP level 21. HP: 161/161 MP: 20/35
 69429 | Elf:3    | Got a wavering platinum ring
 69435 | Elf:3    | Identified the ring of Goigenuxept {+/*Tele SInv Stlth+} (You took it off a deep elf sorcerer on level 3 of the Elven Halls)
 69773 | Elf:3    | Reached skill level 10 in Shields
 70237 | Elf:3    | Noticed Asterion
 70249 | Elf:3    | Killed Asterion
 70675 | Elf:3    | Identified the Collected Works on Orientation
 70682 | Elf:3    | Learned a level 1 spell: Apportation
 71086 | Elf:3    | Reached skill level 14 in Long Blades
 71342 | Elf:3    | Found a radiant altar of Vehumet.
 71784 | Depths:1 | Entered Level 1 of the Depths
 71793 | D:15     | Bought a scroll of blinking for 255 gold pieces
 71798 | D:15     | Bought the +3 crown of Dyrovepreva {rElec Int+2 SInv} for 993 gold pieces
 71809 | D:15     | Bought a crude chain mail for 228 gold pieces
 71809 | D:15     | Identified the +1 chain mail of Jakhlaun {*Contam rC+ Str+2 Dex+5} (You bought it in a shop on level 15 of the Dungeon)
 71811 | D:15     | Bought a twisted chain mail for 228 gold pieces
 71811 | D:15     | Identified the +0 chain mail "Qaucw" {Int+4 Stlth+} (You bought it in a shop on level 15 of the Dungeon)
 72200 | Depths:1 | Reached skill level 1 in Translocations
 73214 | Depths:1 | Found a gateway to Hell.
 73445 | Depths:1 | Found a one-way gate to the infinite horrors of the Abyss.
 73795 | Depths:2 | Reached XP level 22. HP: 171/171 MP: 5/36
 74317 | Depths:2 | Noticed an iron giant
 74320 | Depths:2 | Found a one-way gate leading to the halls of Pandemonium.
 74381 | Depths:2 | Reached skill level 1 in Evocations
 74981 | Depths:2 | Killed an iron giant
 76257 | Depths:3 | Reached skill level 15 in Long Blades
 77555 | Depths:3 | Reached XP level 23. HP: 179/179 MP: 37/37
 77629 | Depths:4 | Noticed Xtahua
 77661 | Depths:4 | Killed Xtahua
 77661 | Depths:4 | Reached skill level 5 in Translocations
 78577 | D:15     | Bought a steaming bone ring for 185 gold pieces
 78578 | D:15     | Identified the ring "Cesera" {+Fly rN+} (You bought it in a shop on level 15 of the Dungeon)
 78582 | D:15     | Bought a scroll of immolation for 129 gold pieces
 78589 | D:15     | Bought a runed cloak for 139 gold pieces
 79535 | Depths:4 | Noticed Margery
 79588 | Depths:4 | Killed Margery
 79588 | Depths:4 | Reached skill level 5 in Evocations
 79642 | Depths:4 | Found a runed door.
 80736 | Depths:4 | Identified Otagitza's Handbook of Augmentations
 80877 | Depths:5 | Entered Level 5 of the Depths
 81305 | Depths:5 | Reached skill level 15 in Fighting
 81667 | Depths:5 | Found a gateway to a ziggurat.
 81707 | Depths:5 | Noticed an iron giant
 81791 | Depths:5 | Killed an iron giant
 81791 | Depths:5 | Reached skill level 1 in Earth Magic
 82397 | Depths:5 | Reached XP level 24. HP: 120/188 MP: 10/37
 83070 | Depths:5 | Found a runed door.
 83070 | Depths:5 | Found a runed door.
 83070 | Depths:5 | Found a runed door.
 83444 | Depths:5 | Found a runed door.
 83594 | Depths:5 | Found a gate to the Realm of Zot.
 83681 | Depths:5 | Found a runed door.
 83685 | Depths:5 | Found a runed door.
 84514 | Slime:1  | Entered Level 1 of the Pits of Slime
 88911 | Slime:6  | Entered Level 6 of the Pits of Slime
 89146 | Slime:6  | Reached skill level 5 in Earth Magic
 89147 | Slime:6  | Noticed the Royal Jelly
 89311 | Slime:6  | Killed the Royal Jelly
 89548 | Slime:5  | Reached XP level 25. HP: 122/194 MP: 37/37
 89885 | Slime:6  | Got a slimy rune of Zot
 89902 | Slime:6  | Identified the Volume of Creation and Displacement
 89907 | Slime:6  | Identified the Papyrus of Execration (You found it on level 6 of the Pits of Slime)
 89999 | Slime:6  | Identified the Grimoire of Mutagenic Battle Magic
 90610 | Depths:1 | Voluntarily entered the Abyss.
 91346 | Abyss:4  | Found a corrupted altar of Lugonu.
 91621 | Abyss:4  | Found a corrupted altar of Lugonu.
 92040 | Abyss:4  | Found a corrupted altar of Lugonu.
 92289 | Abyss:4  | Found a corrupted altar of Lugonu.
 92303 | Abyss:4  | Got an abyssal rune of Zot
 92454 | Depths:1 | Escaped the Abyss
 92530 | Pan      | Entered Pandemonium
 92652 | Pan      | Got an encrusted scale mail
 92653 | Pan      | Identified the +0 scale mail "Ugoschol" {Regen+} (You found it in Pandemonium)
 92969 | Pan      | Noticed Pubipheg the pandemonium lord
 93307 | Pan      | Killed Pubipheg the pandemonium lord
 93404 | Pan      | Reached skill level 16 in Long Blades
 93585 | Pan      | Found an exit through the horrors of the Abyss.
 94245 | Pan      | Found an exit through the horrors of the Abyss.
 95013 | Pan      | Reached skill level 1 in Summonings
 96680 | Pan      | Found an exit through the horrors of the Abyss.
 96731 | Pan      | Noticed Bepsacet the pandemonium lord
 97081 | Pan      | Found an exit through the horrors of the Abyss.
 97477 | Pan      | Noticed Kyirrargh the pandemonium lord
 97509 | Pan      | Killed Kyirrargh the pandemonium lord
 97627 | Pan      | Noticed Wecuron the pandemonium lord
 97647 | Pan      | Killed Wecuron the pandemonium lord
 97659 | Pan      | Gained mutation: You are strongly in touch with the powers of death. [Mummy growth]
 97659 | Pan      | Reached XP level 26. HP: 87/202 MP: 34/38
 98872 | Pan      | Found an exit through the horrors of the Abyss.
 99675 | Pan      | Got a fine copper ring
 99750 | Pan      | Got a demonic rune of Zot
100515 | Pan      | Noticed Zathroq the pandemonium lord
100563 | Pan      | Killed Zathroq the pandemonium lord
100568 | Pan      | Reached skill level 5 in Summonings
102463 | Pan      | Noticed Jastriu the pandemonium lord
102486 | Pan      | Killed Jastriu the pandemonium lord
102963 | Pan      | Identified the ring of Xom's Outrage {Fire +Fly rElec Stlth-} (You took it off a putrid demonspawn in Pandemonium)
102987 | Depths:2 | Escaped Pandemonium
103149 | Pan      | Entered Pandemonium
103663 | Pan      | Found a burning altar of Makhleb.
103783 | Pan      | Found an exit through the horrors of the Abyss.
103942 | Pan      | Reached XP level 27. HP: 172/210 MP: 19/39
104720 | Pan      | Found an exit through the horrors of the Abyss.
104762 | Pan      | Reached skill level 17 in Long Blades
105781 | Pan      | Got a warped scale mail
105782 | Pan      | Identified the cursed +1 scale mail of Selixkea {*Confuse +Inv rElec rPois SInv} (You found it in Pandemonium)
105821 | Pan      | Found a huge runed gate.
106231 | Pan      | Found an exit through the horrors of the Abyss.
106295 | Pan      | Found a runed door.
107430 | Pan      | Found a runed door.
107439 | Pan      | Found a runed door.
107449 | Pan      | Found a runed door.
107459 | Pan      | Found an exit through the horrors of the Abyss.
107573 | Pan      | Found a runed door.
108120 | Pan      | Noticed Deruing the pandemonium lord
108139 | Pan      | Killed Deruing the pandemonium lord
108381 | Pan      | Entered the realm of Lom Lobon.
108382 | Pan      | Found an exit through the horrors of the Abyss.
108593 | Pan      | Reached skill level 15 in Armour
109290 | Pan      | Found an exit through the horrors of the Abyss.
109694 | Pan      | Noticed Lom Lobon
109717 | Pan      | Killed Lom Lobon
109785 | Pan      | Got a magical rune of Zot
110331 | Pan      | Reached skill level 10 in Evocations
110428 | Pan      | Found an exit through the horrors of the Abyss.
110800 | Pan      | Noticed Miveif the pandemonium lord
110846 | Pan      | Killed Miveif the pandemonium lord
111144 | Pan      | Noticed Voehilio the pandemonium lord
111163 | Pan      | Killed Voehilio the pandemonium lord
111991 | Pan      | Noticed Erunimynk the pandemonium lord
112522 | Pan      | Got a bound glass ring
112535 | Pan      | Identified the ring "Ischaixt" {Ice rN+} (You found it in Pandemonium)
112721 | Pan      | Upgraded the game from 0.18-a0-486-gab6c0bd to 0.18-a0-596-g6468885
112752 | Pan      | Reached skill level 18 in Long Blades
112833 | Pan      | Reached skill level 10 in Summonings
113078 | Pan      | Found an exit through the horrors of the Abyss.
113731 | Pan      | Found an exit through the horrors of the Abyss.
113950 | Pan      | Reached skill level 15 in Conjurations
114167 | Pan      | Noticed Erusonai the pandemonium lord
114200 | Pan      | Killed Erusonai the pandemonium lord
114553 | Pan      | Noticed Mennas
114583 | Pan      | Killed Mennas
115471 | Pan      | Got a pitted hat
115472 | Pan      | Identified the +0 hat of Rinane {MR+} (You acquired it in Pandemonium)
115487 | Pan      | Found an exit through the horrors of the Abyss.
115513 | Pan      | Noticed Waurr the pandemonium lord
115543 | Pan      | Killed Waurr the pandemonium lord
115666 | Pan      | Reached skill level 15 in Dodging
116053 | Pan      | Got a shimmering silver ring
116055 | Pan      | Identified the ring "Degoplidgh" {SustAt rN+} (You found it in Pandemonium)
116595 | Pan      | Found an exit through the horrors of the Abyss.
116989 | Pan      | Noticed Atod the pandemonium lord
117017 | Pan      | Killed Atod the pandemonium lord
117788 | Pan      | Found an exit through the horrors of the Abyss.
117931 | Pan      | Noticed Pabruyc the pandemonium lord
117968 | Pan      | Killed Pabruyc the pandemonium lord
119066 | Pan      | Noticed Bosmuagadgh the pandemonium lord
119092 | Pan      | Killed Bosmuagadgh the pandemonium lord
119957 | Pan      | Found an exit through the horrors of the Abyss.
120231 | Pan      | Found an exit through the horrors of the Abyss.
120456 | Pan      | Noticed Wegafap the pandemonium lord
120484 | Pan      | Killed Wegafap the pandemonium lord
120911 | Pan      | Identified the Compendium of Nihilism
121223 | Pan      | Noticed a seraph
121226 | Pan      | Got a shimmering pewter ring
121228 | Pan      | Found a glowing golden altar of the Shining One.
121231 | Depths:2 | Escaped Pandemonium
121255 | Depths:2 | Killed a seraph
121265 | Depths:2 | Identified the ring "Poolig" {AC+4 Dex+4} (You found it in Pandemonium)
121427 | Pan      | Entered the realm of Mnoleg.
121427 | Pan      | Entered Pandemonium
121759 | Pan      | Paralysed by a giant eyeball for 2 turns
121762 | Pan      | Paralysed by a giant eyeball for 2 turns
121823 | Pan      | Paralysed by a giant eyeball for 2 turns
122043 | Pan      | Noticed Mnoleg
122216 | Pan      | Killed Mnoleg
122365 | Pan      | Got a glowing rune of Zot
122897 | Pan      | Reached skill level 15 in Shields
123092 | Pan      | Learned a level 5 spell: Dispel Undead
123131 | Pan      | Noticed Etzol the pandemonium lord
123155 | Pan      | Killed Etzol the pandemonium lord
123275 | Pan      | Found an exit through the horrors of the Abyss.
123645 | Depths:2 | Escaped Pandemonium
123941 | Vaults:5 | Entered Level 5 of the Vaults
124519 | Vaults:5 | Got a silver rune of Zot
124949 | Vaults:5 | Got a twisted ring mail
124950 | Vaults:5 | Identified the cursed +1 ring mail of the Pit {rElec Int+3 Dex+3} (You took it off a deep elf priest on level 5 of the Vaults)
125187 | Vaults:5 | Reached skill level 15 in Spellcasting
125827 | Vaults:5 | Got a vibrating brass ring
125829 | Vaults:5 | Identified the ring of Ilelodun {rF+ Stlth+} (You took it off a yaktaur captain on level 5 of the Vaults)
126284 | Crypt:1  | Entered Level 1 of the Crypt
126587 | Crypt:1  | Reached skill level 1 in Necromancy
128267 | Crypt:3  | Entered Level 3 of the Crypt
129272 | Crypt:3  | Found a staircase to the Tomb.
129689 | Crypt:3  | Found an ancient bone altar of Kikubaaqudgha.
129692 | Crypt:3  | Found a basalt altar of Yredelemnul.
129722 | Crypt:3  | Identified the Tome of Contamination and Combat Magic
129727 | Crypt:3  | Identified a +5 rod of clouds (9/9) (You found it on level 3 of the Crypt)
130114 | D:15     | Bought a pair of embroidered gloves for 135 gold pieces
130128 | D:15     | Bought a twisted helmet for 228 gold pieces
130138 | D:15     | Identified the +1 helmet "Sonon" {Regen+ Dex+3} (You bought it in a shop on level 15 of the Dungeon)
130154 | D:15     | Bought the +2 robe of vines {NoDeviceHeal Regen+7} for 424 gold pieces
130232 | Pan      | Entered Pandemonium
131663 | Pan      | Found a huge runed gate.
131664 | Pan      | Found a huge runed gate.
131665 | Pan      | Found a huge runed gate.
131665 | Pan      | Found a huge runed gate.
131665 | Pan      | Found a huge runed gate.
131665 | Pan      | Found a huge runed gate.
131666 | Pan      | Found a huge runed gate.
131666 | Pan      | Found a huge runed gate.
131666 | Pan      | Found a huge runed gate.
131666 | Pan      | Found a huge runed gate.
131666 | Pan      | Found a huge runed gate.
131666 | Pan      | Found a huge runed gate.
131666 | Pan      | Found a huge runed gate.
131667 | Pan      | Found a huge runed gate.
131668 | Pan      | Found a huge runed gate.
131669 | Pan      | Found a huge runed gate.
131669 | Pan      | Found a huge runed gate.
131922 | Pan      | Found an exit through the horrors of the Abyss.
132808 | Pan      | Found an exit through the horrors of the Abyss.
133269 | Pan      | Noticed Qannof the pandemonium lord
133395 | Pan      | Killed Qannof the pandemonium lord
134344 | Pan      | Found an exit through the horrors of the Abyss.
134778 | Pan      | Noticed Vivasoev the pandemonium lord
134795 | Pan      | Killed Vivasoev the pandemonium lord
134941 | Pan      | Identified the Incunabulum of Twisted Creation
135280 | Pan      | Noticed Regyga Vasm the pandemonium lord
135305 | Pan      | Killed Regyga Vasm the pandemonium lord
135854 | Pan      | Identified the Papyrus of Confrontation and the Volcanoes
135868 | Pan      | Found an exit through the horrors of the Abyss.
136644 | Pan      | Noticed Keufus the pandemonium lord
136660 | Pan      | Killed Keufus the pandemonium lord
136857 | Pan      | Found an exit through the horrors of the Abyss.
137282 | Pan      | Entered the realm of Gloorx Vloq.
137385 | Pan      | Reached skill level 10 in Earth Magic
137623 | Pan      | Found an exit through the horrors of the Abyss.
137885 | Pan      | Reached skill level 19 in Conjurations
138434 | Pan      | Noticed Gloorx Vloq
138442 | Pan      | Killed Gloorx Vloq
138462 | Pan      | Got a dark rune of Zot
138629 | Pan      | Entered the realm of Cerebov.
138783 | Pan      | Found an exit through the horrors of the Abyss.
139452 | Pan      | Got a steaming pewter ring
139493 | Pan      | Identified the ring of Cannoemu {rPois MR+ Dex+3} (You took it off a balrug in Pandemonium)
139500 | Pan      | Got a faintly glowing marble ring
139509 | Pan      | Identified the ring of the Saviour {rElec AC+4 SInv} (You took it off a balrug in Pandemonium)
139887 | Pan      | Got a clouded crystal amulet
139888 | Pan      | Identified the amulet "Orusaor" {rCorr +Blink rElec SInv} (You took it off a balrug in Pandemonium)
140084 | Pan      | Noticed Cerebov
141114 | Pan      | Killed Cerebov
141130 | Pan      | Identified the Collected Works on Harmful Flight
141191 | Pan      | Got a fiery rune of Zot
141420 | Pan      | Took an exit into the Abyss.
141420 | Abyss:1  | Escaped into the Abyss
141616 | Depths:2 | Escaped the Abyss
141842 | Zot:1    | Entered Level 1 of the Realm of Zot
142082 | Zot:1    | Noticed an orb of fire
142122 | Zot:1    | Killed an orb of fire
142399 | Zot:1    | Reached skill level 20 in Conjurations
143762 | Zot:2    | Reached skill level 15 in Evocations
146152 | Zot:5    | Entered Level 5 of the Realm of Zot
146595 | Zot:5    | Reached skill level 21 in Conjurations
146710 | Zot:5    | Noticed an orb of fire
146716 | Zot:5    | Killed an orb of fire
146724 | Zot:5    | Noticed an orb of fire
146727 | Zot:5    | Noticed an orb of fire
146729 | Zot:5    | Noticed an ancient lich
146731 | Zot:5    | Noticed an orb of fire
146792 | Zot:5    | Killed an orb of fire
146958 | Zot:5    | Killed an ancient lich
147135 | Zot:5    | Noticed an ancient lich
147137 | Zot:5    | Killed an ancient lich
147140 | Zot:5    | Noticed an orb of fire
147146 | Zot:5    | Killed an orb of fire
147166 | Zot:5    | Killed an orb of fire
147181 | Zot:5    | Killed an orb of fire
147786 | Zot:5    | Noticed an ancient lich
147789 | Zot:5    | Killed an ancient lich
147793 | Zot:5    | Noticed an ancient lich
147797 | Zot:5    | Noticed an orb of fire
147801 | Zot:5    | Killed an ancient lich
147803 | Zot:5    | Noticed an orb of fire
147808 | Zot:5    | Noticed an ancient lich
147812 | Zot:5    | Killed an orb of fire
148504 | Zot:5    | Noticed an ancient lich
148510 | Zot:5    | Killed an ancient lich
148732 | Zot:5    | Killed an orb of fire
149001 | Zot:5    | Killed an ancient lich
149354 | Zig:1    | Entered Level 1 of a ziggurat
149407 | Zig:2    | Entered Level 2 of a ziggurat
149440 | Zig:3    | Entered Level 3 of a ziggurat
149489 | Zig:3    | Got a pair of transparent gloves
149500 | Zig:3    | Identified the cursed +0 pair of gloves of the Old World {rElec rN+ rCorr Dex+4} (You found it on level 3 of a ziggurat)
149524 | Zig:4    | Entered Level 4 of a ziggurat
149684 | Zig:5    | Entered Level 5 of a ziggurat
149742 | Zig:5    | Identified the Compendium of Ghastly Augmentations
149755 | Zig:6    | Entered Level 6 of a ziggurat
149858 | Zig:7    | Entered Level 7 of a ziggurat
150017 | Zig:7    | Drew Focus: Int increased to 21, Dex decreased to 11
150028 | Zig:8    | Entered Level 8 of a ziggurat
150141 | Zig:9    | Entered Level 9 of a ziggurat
150149 | Zig:9    | Noticed an ancient lich
150150 | Zig:9    | Noticed an ancient lich
150177 | Zig:9    | Killed an ancient lich
150177 | Zig:9    | Reached skill level 5 in Necromancy
150184 | Zig:9    | Killed an ancient lich
150337 | Zig:10   | Entered Level 10 of a ziggurat
150343 | Zig:10   | Noticed Luoh the pandemonium lord
150355 | Zig:10   | Killed Luoh the pandemonium lord
150474 | Zig:10   | Got a transparent helmet
150485 | Zig:10   | Identified the +0 helmet "Puoptis" {*Corrode rPois Regen+} (You found it on level 10 of a ziggurat)
150500 | Zig:10   | Got a sparkling jade ring
150502 | Zig:10   | Identified the ring "Roxissoc" {Ice Str+6} (You found it on level 10 of a ziggurat)
150558 | Zig:11   | Entered Level 11 of a ziggurat
150694 | Zig:11   | Got a smoking gossamer ring
150696 | Zig:11   | Identified the ring of Wonyror {+/*Tele MR+++ SInv} (You found it on level 11 of a ziggurat)
150860 | Zig:12   | Entered Level 12 of a ziggurat
151024 | Zig:12   | Identified a +5 rod of clouds (9/9) (You found it on level 12 of a ziggurat)
151029 | Zig:12   | Got a warped golden ring
151031 | Zig:12   | Identified the ring "Paegoas" {rF++ MR+ Int+4 Stlth+} (You found it on level 12 of a ziggurat)
151091 | Zig:13   | Entered Level 13 of a ziggurat
151104 | Zig:13   | Noticed Yrhithry the pandemonium lord
151449 | Hell     | Entered the Vestibule of Hell
151449 | Hell     | Noticed Geryon
151517 | Hell     | Killed Geryon
152821 | Hell     | Found a gateway to the freezing wastes of Cocytus.
152892 | Hell     | Found a gateway to the decaying netherworld of Tartarus.
153115 | Hell     | Found a gateway to the ashen valley of Gehenna.
153256 | Hell     | Found a gateway to the Iron City of Dis.
153443 | Geh:1    | Entered Level 1 of Gehenna
154259 | Geh:7    | Entered Level 7 of Gehenna
154342 | Geh:7    | Drew Focus: Int increased to 22, Dex decreased to 10
155017 | Geh:7    | Reached skill level 10 in Necromancy
155263 | Geh:7    | Noticed Asmodeus
155295 | Geh:7    | Killed Asmodeus
155412 | Geh:7    | Got an obsidian rune of Zot
155474 | Dis:1    | Entered Level 1 of the Iron City of Dis
157237 | Dis:7    | Entered Level 7 of the Iron City of Dis
158041 | Dis:7    | Noticed Dispater
158570 | Dis:7    | Killed Dispater
158670 | Dis:7    | Got an iron rune of Zot
159530 | Coc:1    | Entered Level 1 of Cocytus
160724 | Coc:7    | Entered Level 7 of Cocytus
161193 | Coc:7    | Noticed the Serpent of Hell
161220 | Coc:7    | Killed the Serpent of Hell
161557 | Coc:7    | Noticed Antaeus
161589 | Coc:7    | Killed Antaeus
161619 | Coc:7    | Got an icy rune of Zot
162025 | Tar:1    | Entered Level 1 of Tartarus
162282 | Tar:2    | You fall through a shaft!
163025 | Tar:7    | Entered Level 7 of Tartarus
163236 | Tar:7    | Noticed Ereshkigal
164009 | Tar:7    | Noticed an ancient lich
164029 | Tar:7    | Killed an ancient lich
164169 | Tar:7    | Got a bone rune of Zot
164232 | Tar:7    | Killed Ereshkigal
164560 | Vaults:1 | Learned a level 5 spell: Lee's Rapid Deconstruction
164805 | Tomb:1   | Entered Level 1 of the Tomb of the Ancients
165074 | Tomb:1   | Noticed Jory
165078 | Tomb:1   | Killed Jory
167449 | Tomb:3   | Entered Level 3 of the Tomb of the Ancients
167476 | Tomb:3   | Reached skill level 22 in Long Blades
168178 | Tomb:3   | Got a transparent diamond amulet
168179 | Tomb:3   | Identified the amulet of Idomoas {rN+ Regen+ Int+5} (You found it on level 3 of the Tomb of the Ancients)
168189 | Tomb:3   | Identified Ynainal's Reference Book on Talismans
168192 | Tomb:3   | Identified the Volume of the Escort and Unholy Arts
168329 | Tomb:3   | Got a golden rune of Zot
169219 | Zot:5    | Got the Orb of Zot
169224 | Zot:5    | Noticed Poirivop the pandemonium lord
169572 | Depths:2 | Noticed Biqowo the pandemonium lord
169590 | Depths:2 | Killed Biqowo the pandemonium lord
170109 | D:$      | Escaped with the Orb!

Dungeon Overview and Level Annotations

Branches:
Dungeon (15/15)            Temple (0/1) D:5            Lair (8/8) D:9
  Swamp (4/4) Lair:6       Spider (4/4) Lair:3        Slime (6/6) Lair:8
    Orc (4/4) D:11            Elf (3/3) Orc:4        Vaults (5/5) D:14
  Crypt (3/3) Vaults:3       Tomb (3/3) Crypt:3      Depths (5/5) D:15
   Hell (1/1)                 Dis (7/7) Hell            Geh (7/7) Hell
    Coc (7/7) Hell            Tar (7/7) Hell            Zot (5/5) Depths:5

Altars:
Ashenzari
Cheibriados
Dithmenos
Elyvilon
Gozag
Kikubaaqudgha
Makhleb
Nemelex Xobeh
Okawaru
Qazlal
Ru
Sif Muna
Vehumet
Xom
Yredelemnul
Zin
Beogh

Shops:
D:5 ?   D:6 }   D:9 [   D:10 [[   D:15 [?[[==([(**(   Orc:4 :*[(   Vaults:2 [

Portals:
Hell: Depths:1 Depths:2 Depths:3 Depths:4 Depths:5
Abyss: Depths:1 Depths:4 Depths:5
Pandemonium: Depths:2 Depths:3

Annotations:
D:3 Avanven's ghost, amateur GrCK
D:15 1 runed door, exclusion: orange crystal statue
Depths:5 5 runed doors


Message History

(H) Hell (I) Dis (G) Gehenna (X) Cocytus (Y) Tartarus (Z) Zot
Where to? (Enter - D:1 @ (x,y), ? - help)
A soul eater comes into view.
Casting: Iron Shot
Confirm with . or Enter, or press ? or * to list all spells.
You feel a surge of power!
You begin to abjure the creatures around you!
Unknown command.
Casting: Aura of Abjuration
Confirm with . or Enter, or press ? or * to list all spells.
Aiming: Iron Shot
Press: ? - help, Shift-Dir - straight line, f - soul eater
Aim: a soul eater You feel a surge of power!
The iron shot misses the soul eater.
Casting: Iron Shot
Confirm with . or Enter, or press ? or * to list all spells.
Aiming: Iron Shot
Press: ? - help, Shift-Dir - straight line, f/p - soul eater
Aim: a soul eater You feel a surge of power!
The iron shot hits the soul eater.
The soul eater is almost dead.
Casting: Iron Shot
Confirm with . or Enter, or press ? or * to list all spells.
Aiming: Iron Shot
Press: ? - help, Shift-Dir - straight line, f/p - soul eater
Aim: a soul eater (almost dead)
You feel a surge of power!
The iron shot hits the soul eater.
You kill the soul eater!
You now have 4396 gold pieces (gained 6).
(D) Dungeon (T) Temple (L) Lair (S) Swamp (N) Spider Nest (M) Slime Pits (O) Orcish Mines (E) Elven Halls (V) Vaults (C) Crypt (W) Tomb (U) Depths (H) Hell (I) Dis (G) Gehenna (X) Cocytus (Y) Tartarus (Z) Zot
Where to? (Enter - D:1 @ (x,y), ? - help)
Your aura of abjuration expires.
There is a staircase leading out of the dungeon here.
Unknown command.
You have escaped!

There were no monsters in sight!

Vanquished Creatures
  Cerebov (Pan)
  Antaeus (Coc:7)
  Asmodeus (Geh:7)
  the Royal Jelly (Slime:6)
  Ereshkigal (Tar:7)
  Gloorx Vloq (Pan)
  the Serpent of Hell (Coc:7)
  A seraph (Depths:2)
  Mnoleg (Pan)
  Lom Lobon (Pan)
  Dispater (Dis:7)
  9 ancient liches
  8 orbs of fire
  Mennas (Pan)
  25 greater mummies
  7 iron giants
  11 shard shrikes
  Margery (Depths:4)
  4 Killer Klowns
  21 pandemonium lords
  A curse toe (Crypt:3)
  Geryon (Hell)
  A caustic shrike (Depths:3)
  Nikola (Swamp:4)
  7 golden dragons
  Jory (Tomb:1)
  A profane servitor (Crypt:3)
  Xtahua (Depths:4)
  11 bone dragons
  Arachne (Spider:2)
  4 electric golems
  40 Brimstone Fiends
  38 Ice Fiends
  27 tentacled monstrosities
  29 Orb Guardians
  9 Hell Sentinels
  3 hellephants
  12 liches
  Asterion (Elf:3)
  19 Shadow Fiends
  24 acid blobs
  3 deep elf blademasters
  3 deep elf master archers
  9 titans
  2 quicksilver dragons
  51 Executioners
  An eldritch tentacle (Dis:4)
  7 tentacled starspawn
  12 death cobs
  A thorn hunter (Swamp:3)
  5 sphinxes
  5 draconian monks
  11 ancient champions
  Kirke (Spider:1)
  9 fire giants
  9 storm dragons
  22 shadow dragons
  A frost giant (shapeshifter) (Zig:10)
  11 azure jellies
  5 revenants
  Donald (Swamp:2)
  8 iron dragons
  7 deep elf sorcerers
  6 draconian knights
  2 orc warlords
  4 draconian scorchers
  10 ghost moths
  Aizul (Spider:2)
  Louise (D:15)
  5 ghouls
  10 frost giants
  6 curse skulls
  9 emperor scorpions
  67 balrugs
  2 caustic shrike zombies
  47 cacodemons
  6 draconian zealots
  5 spriggan defenders
  6 draconian shifters
  12 draconian annihilators
  17 warmongers (Pan)
  56 reapers
  18 vault wardens
  38 stone giants
  2 angels (Pan)
  18 ironheart preservers
  A caustic shrike skeleton (Crypt:2)
  3 draconian callers (Zig:8)
  20 very ugly things
  4 war gargoyles
  3 elemental wellsprings
  3 salamander stormcallers (Geh:6)
  A black draconian (shapeshifter) (Zot:1)
  14 green draconians
  5 vampire knights
  10 deep elf demonologists
  39 lorocyprocas
  8 black draconians
  17 yellow draconians
  9 purple draconians
  24 corrupters
  14 blood saints
  13 spark wasps
  19 deep elf annihilators
  8 red draconians
  4 bennus (Tomb:2)
  7 white draconians
  13 mottled draconians
  15 chaos champions (Pan)
  9 deep elf death magi
  Snorg (Lair:6)
  17 black suns (Pan)
  71 blizzard demons
  16 ettins
  3 eidola
  25 yaktaur captains
  5 death oozes
  28 green deaths
  6 mummy priests
  28 great orbs of eyes
  3 crystal guardians (Zot:1)
  A merfolk impaler (Depths:5)
  28 fire dragons
  34 vault guards
  Josephine (Lair:4)
  20 jiangshi
  A minotaur (shapeshifter) (Zot:1)
  An entropy weaver (shapeshifter) (Zig:10)
  8 quicksilver dragon zombies
  A kraken zombie (Coc:4)
  3 quicksilver dragon skeletons
  Fannar (Lair:2)
  3 deep elf high priests
  32 ice dragons
  12 entropy weavers
  14 hell beasts
  20 monstrous demonspawn
  A ghost crab (shapeshifter) (Vaults:5)
  7 death knights
  3 spriggan air magi
  8 alligators
  13 centaur warriors
  20 hydras
  13 rakshasas
  3 ghost crabs
  A catoblepas (shapeshifter) (Depths:3)
  An anaconda (Swamp:2)
  18 ogre magi
  A queen ant (shapeshifter) (Vaults:5)
  10 vampire magi
  12 deep troll earth magi
  2 orc high priests
  6 death yaks
  6 titan zombies
  8 spriggan berserkers
  12 deep troll shamans
  2 naga sharpshooters (Zig:4)
  6 tengu warriors
  167 sun demons
  76 soul eaters
  8 iron golems
  Nergalle (Lair:1)
  3 fire crabs
  14 hell hogs
  12 thrashing horrors
  3 titan skeletons
  5 storm dragon zombies
  29 shadow wraiths
  11 iron trolls
  7 wretched stars
  36 death scarabs
  19 deep elf knights
  110 skeletal warriors
  2 spatial maelstroms (Zig:11)
  An iron troll (shapeshifter) (Zig:10)
  39 shadow demons
  A spark wasp zombie (Zig:7)
  4 storm dragon skeletons
  A ghost moth zombie (Coc:7)
  A quicksilver dragon simulacrum (Zig:11)
  4 unseen horrors
  6 anaconda zombies
  9 deep elf summoners
  5 golden dragon zombies
  19 flayed ghosts
  2 sea snakes (shapeshifter)
  24 infernal demonspawn (Pan)
  19 phantasmal warriors
  24 gelid demonspawn (Pan)
  40 deep trolls
  4 swamp dragons
  32 hell knights
  16 ironbrand convokers
  A giant orange brain (shapeshifter) (Depths:1)
  2 swamp dragons (shapeshifter) (Vaults:5)
  An obsidian statue (Zot:5)
  11 giant orange brains
  6 shadow dragon zombies
  17 necromancers
  4 anubis guards
  5 shambling mangroves
  3 wolf spider zombies
  A lindwurm (shapeshifter) (Vaults:3)
  22 torturous demonspawn (Pan)
  43 ugly things
  11 wizards
  21 orc knights
  3 anaconda skeletons
  5 hornets
  10 orc sorcerers
  6 golden dragon skeletons
  4 iron dragon zombies
  23 putrid demonspawn (Pan)
  8 hill giants
  15 deep elf conjurers
  25 wolf spiders
  12 stone giant zombies
  7 salamanders (Geh:6)
  3 shadow dragon skeletons
  10 fire giant zombies
  18 shining eyes
  43 sixfirhies
  9 griffons
  10 frost giant zombies
  A faun (shapeshifter) (Vaults:5)
  20 orb spiders
  26 moths of wrath
  2 manticores (D:13)
  3 cyclopes
  7 iron dragon skeletons
  8 eyes of devastation
  4 centaur zombies
  2 elephants (shapeshifter)
  5 frost giant skeletons
  3 shock serpent zombies
  3 guardian serpents (Zot:1)
  4 dire elephant zombies
  5 stone giant skeletons
  A drowned soul (Abyss:1)
  6 elephants (Lair:8)
  2 worldbinders (Abyss:2)
  Joseph (D:7)
  2 apocalypse crabs
  2 octopodes (shapeshifter)
  42 rust devils
  15 vault sentinels
  26 spiny frogs
  4 ice statues
  5 fire giant skeletons
  10 black mambas
  2 titan simulacra (Coc:7)
  An eye of devastation (shapeshifter) (Zig:10)
  2 human zombies
  19 efreet
  2 shock serpent skeletons
  67 orange demons
  A spiny frog (shapeshifter) (D:15)
  2 torpor snails
  47 hellions
  A storm dragon simulacrum (Coc:7)
  2 gargoyles
  2 dire elephant skeletons
  2 catoblepas zombies
  112 smoke demons
  9 komodo dragons
  49 demonic crawlers
  2 kobold demonologists
  2 anaconda simulacra (Coc:7)
  49 hellwings (Pan)
  A death yak zombie (Crypt:3)
  48 freezing wraiths
  4 spriggan druids
  59 tormentors
  69 red devils
  A yaktaur skeleton (Vaults:2)
  84 yaktaurs
  29 deep elf priests
  25 guardian mummies
  48 ice devils
  2 fire drakes (Lair:6)
  3 tengu conjurers
  30 two-headed ogres
  A death yak skeleton (Crypt:2)
  7 harpy zombies
  A jumping spider (shapeshifter) (Vaults:5)
  A silent spectre (Tar:7)
  6 giant leeches
  14 hydra zombies
  A wind drake (shapeshifter) (Abyss:4)
  146 large abominations
  12 trolls
  2 catoblepas skeletons
  A raiju (shapeshifter) (Vaults:5)
  3 polar bears (Lair:8)
  Prince Ribbit (D:7)
  10 hydra skeletons
  3 ettin zombies
  2 harpy skeletons
  A trapdoor spider zombie (D:14)
  4 bog bodies
  6 ushabtiu
  5 alligator zombies
  12 blink frogs
  32 jumping spiders
  11 boulder beetles
  125 slime creatures
  2 spriggan zombies
  11 raiju
  An ice dragon zombie (Dis:6)
  A frost giant simulacrum (Abyss:4)
  A stone giant simulacrum (Coc:4)
  5 fire dragon zombies
  12 shadows
  2 ice dragon skeletons
  26 trapdoor spiders
  4 ettin skeletons
  31 wraiths
  A black mamba zombie (Geh:7)
  143 flying skulls
  5 water elementals
  82 redbacks
  51 yaks
  17 vampires
  An alligator skeleton (Pan)
  4 fire dragon skeletons
  A tarantella (shapeshifter) (Depths:1)
  A human (D:7)
  A human (shapeshifter) (Depths:1)
  28 deep elf magi
  34 spriggans
  3 wyverns
  88 ynoxinuls
  41 vampire mosquitoes
  A black mamba skeleton (Pan)
  32 tarantellas
  2 giant leech zombies (Crypt:3)
  A basilisk (shapeshifter) (Elf:1)
  127 neqoxecs
  11 golden eyes
  4 swamp worm simulacra (Swamp:4)
  8 wargs
  11 fire elementals
  2 hippogriffs (shapeshifter)
  Grum (D:11)
  4 basilisks
  12 hippogriffs
  7 hogs
  3 mottled dragons
  6 insubstantial wisps
  33 deep elf fighters
  A water moccasin (shapeshifter) (Vaults:3)
  4 hungry ghosts
  24 swamp worms
  42 wolves
  86 chaos spawn
  3 spatial vortices
  An orb spider zombie (Crypt:1)
  2 merfolk zombies
  18 hydra simulacra
  A putrid demonspawn zombie (Tar:7)
  A soldier ant (shapeshifter) (Vaults:2)
  11 spiny frog zombies
  8 porcupines
  18 water moccasins
  35 ice beasts
  60 hell hounds
  A black bear (shapeshifter) (Vaults:3)
  41 wasps
  17 necrophages
  5 swamp drakes
  An eye of draining (shapeshifter) (Vaults:5)
  2 merfolk skeletons
  3 spiny frog skeletons
  6 sky beasts
  11 black bears
  71 ogres
  5 snapping turtle zombies
  62 orc warriors
  2 alligator simulacra
  12 eyes of draining
  A manticore zombie (Dis:7)
  22 centaurs
  5 boggarts
  A manticore skeleton (Pan)
  2 swamp dragon skeletons
  A snapping turtle skeleton (Crypt:1)
  9 phantoms
  22 crocodiles
  The ghost of Avanven the Ruffian, an amateur GrCK of Xom (D:4)
  4 small abominations
  26 giant frogs
  21 big kobolds
  An elf skeleton (Geh:6)
  A komodo dragon skeleton (Crypt:1)
  8 killer bees
  7 scorpions
  2 wyvern skeletons
  A wyvern zombie (D:12)
  A vine stalker skeleton (Crypt:3)
  A gnoll sergeant (D:11)
  3 tengu zombies
  6 electric eels
  A troll skeleton (Crypt:3)
  A vampire bat (Orc:1)
  A human simulacrum (Vaults:3)
  A spriggan skeleton (Crypt:1)
  53 wights
  6 starcursed masses (Zig:11)
  9 crimson imps
  2 giant frog zombies
  6 centaur skeletons
  44 orc priests
  A quasit (D:10)
  5 hounds
  35 jellies
  22 iron imps
  42 orc wizards
  Jessica (D:1)
  16 iguanas
  17 sheep
  6 hell rats (Hell)
  5 human skeletons
  A lightning spire (Zig:8)
  11 worker ants
  A dwarf zombie (Crypt:3)
  A demigod skeleton (Crypt:2)
  A dwarf skeleton (Crypt:3)
  23 mummies
  13 adders
  61 river rats
  11 gnolls
  A gnoll (shapeshifter) (Vaults:5)
  5 shadow imps
  A steam dragon zombie (Crypt:1)
  2 swamp drake skeletons
  16 white imps
  4 giant eyeballs (Pan)
  4 oozes
  4 swamp drake simulacra (Swamp:4)
  A sheep zombie (Crypt:1)
  2 worms
  7 giant geckos
  205 orcs
  2 ball pythons
  19 bats
  12 goblins
  12 hobgoblins
  4 jackals
  8 quokkas
  5 giant cockroaches
  A giant newt (D:3)
  A jackal zombie (D:7)
  27 kobolds
  A kobold zombie (Hell)
  An orc skeleton (Crypt:2)
  A quokka skeleton (D:6)
  7 rats
  6 fulminant prisms
  9 fungi
  A lurking horror (Abyss:2)
  5 plants
  A spectral weapon (Elf:3)
  2 starspawn tentacles
  2 tentacles (Coc:4)
6504 creatures vanquished.

Vanquished Creatures (collateral kills)
  A greater mummy (Tomb:3)
  An iron giant (Depths:2)
  Rupert (D:15)
  A thorn hunter (Zig:5)
  A shadow dragon (Tar:7)
  A fire giant (Depths:5)
  A frost giant (Vaults:4)
  An orc warlord (Orc:4)
  2 balrugs (Pan)
  A vault warden (Vaults:4)
  11 reapers
  A corrupter (Pan)
  A skeletal warrior (Tar:4)
  A gelid demonspawn (Pan)
  A spriggan druid (Zig:5)
  A wolf spider zombie (Geh:7)
  A hill giant (D:11)
  2 torturous demonspawn (Pan)
  A sixfirhy (Pan)
  An orc knight (Orc:4)
  2 smoke demons (Pan)
  An ice devil (Hell)
  6 red devils (Pan)
  A flying skull (Tomb:3)
  5 yaks (D:11)
  2 orc warriors
  2 ogres
  2 orc wizards (D:8)
  An orc priest (Orc:1)
  A gnoll (D:4)
  2 orcs
57 creatures vanquished.

Vanquished Creatures (others)
  2 greater mummies (Tomb:3)
  2 liches
  3 acid blobs (Slime:6)
  8 eldritch tentacles
  A Shadow Fiend (Pan)
  An Executioner (Pan)
  An azure jelly (Slime:6)
  A fire giant (Geh:7)
  A frost giant (Depths:5)
  A ghost moth (Spider:4)
  A draconian scorcher (Zot:5)
  A cacodemon (Dis:7)
  A draconian zealot (Zot:2)
  2 reapers
  A draconian annihilator (Pan)
  A green draconian (shapeshifter) (Zot:1)
  An elemental wellspring (Coc:6)
  A vampire knight (Crypt:3)
  2 blood saints (Pan)
  2 bennus (Tomb:3)
  2 vault guards (Vaults:5)
  3 mummy priests (Tomb:3)
  2 death oozes (Slime:6)
  A green death (Pan)
  A deep elf high priest (Elf:3)
  A quicksilver dragon zombie (Dis:2)
  A monstrous demonspawn (Pan)
  22 dancing weapons
  A soul eater (Tar:7)
  A vampire mage (Crypt:3)
  A skeletal warrior (Tomb:3)
  4 ball lightnings (Pan)
  A shadow wraith (Crypt:3)
  A swamp dragon (Swamp:4)
  An infernal demonspawn (Pan)
  A torturous demonspawn (Pan)
  An orb spider (Zot:1)
  A frost giant zombie (Dis:2)
  2 ugly things
  A fire giant skeleton (Coc:2)
  A hellion (Pan)
  A yaktaur (Vaults:5)
  A dire elephant skeleton (Tomb:2)
  A demonic crawler (Pan)
  A freezing wraith (Swamp:4)
  3 guardian mummies (Tomb:3)
  A harpy zombie (Zot:1)
  A tormentor (Dis:6)
  An ancient zyme (Abyss:2)
  A raiju (Abyss:2)
  2 hydra skeletons
  A bog body (Swamp:4)
  An ice dragon zombie (Geh:6)
  5 ushabtiu (Tomb:3)
  An alligator skeleton (Geh:7)
  14 flying skulls
  A fire dragon skeleton (Tomb:3)
  A trapdoor spider (Spider:3)
  2 redbacks (Lair:8)
  A deep elf fighter (Vaults:4)
  A chaos spawn (Pan)
  2 spatial vortices (Abyss:2)
  A human simulacrum (Vaults:2)
  A swamp worm (Swamp:2)
  A human skeleton (Zig:6)
  3 hell hounds
  An orc warrior (Vaults:3)
  A necrophage (Dis:7)
  A crocodile (Lair:8)
  3 wights
  A crimson imp (D:14)
  An orc priest (Vaults:1)
  4 mummies (Tomb:3)
  A shadow imp (Tar:7)
  An orc skeleton (Tomb:3)
  858 eldritch tentacle segments
  2 fire vortices (Pan)
  1744 fulminant prisms
  48 fungi
  5 lost souls
  16 plants
  13 starspawn tentacles
  72 starspawn tentacle segments
  11 tentacles
  512 tentacle segments
3428 creatures vanquished.

Grand Total: 9989 creatures vanquished

Action                   |  1- 3 |  4- 6 |  7- 9 | 10-12 | 13-15 | 16-18 | 19-21 | 22-24 | 25-27 || total
-------------------------+-------+-------+-------+-------+-------+-------+-------+-------+-------++-------
Melee: Dagger            |    71 |   188 |   249 |   759 |  1515 |   662 |   100 |    13 |       ||  3557
       Rapier            |       |       |       |       |    47 |       |       |       |       ||    47
       Scimitar          |       |       |       |       |    63 |  2488 |  3032 |   347 |       ||  5930
       Demon blade       |       |       |       |       |       |       |       |  1749 | 18178 || 19927
       Double sword      |       |       |       |       |       |       |       |       |    36 ||    36
 Cast: Corona            |     3 |     1 |     1 |       |       |       |       |       |       ||     5
       Ensorcelled Hiber |    23 |    49 |    45 |   109 |   236 |   236 |     2 |     1 |       ||   701
       Confuse           |     2 |     8 |    39 |    84 |   144 |   118 |    94 |    21 |   416 ||   926
       Tukima's Dance    |       |     2 |    10 |     6 |    11 |     5 |     2 |     8 |    93 ||   137
       Fulminant Prism   |       |       |     2 |   123 |   113 |   160 |   291 |   400 |   666 ||  1755
       Apportation       |       |       |       |       |       |       |       |     1 |    34 ||    35
       Iron Shot         |       |       |       |       |       |       |       |       |   229 ||   229
       Orb of Destructio |       |       |       |       |       |       |       |       |   122 ||   122
       Aura of Abjuratio |       |       |       |       |       |       |       |       |   108 ||   108
       Dispel Undead     |       |       |       |       |       |       |       |       |    44 ||    44
       Lee's Rapid Decon |       |       |       |       |       |       |       |       |    44 ||    44
Invok: Call Merchant     |       |       |       |     1 |     2 |     2 |     2 |     2 |     5 ||    14
       Potion Petition   |       |       |       |       |       |     2 |     3 |     7 |    67 ||    79
       Bribe Branch      |       |       |       |       |       |       |       |       |     1 ||     1
 Abil: Evoke Teleportati |       |       |       |       |       |       |       |       |    12 ||    12
       Evoke Flight      |       |       |       |       |       |       |       |       |     3 ||     3
       Evoke Invisibilit |       |       |       |       |       |       |       |       |     1 ||     1
Evoke: Wand              |       |       |       |     2 |       |       |     2 |     1 |    16 ||    21
       Deck              |       |       |       |       |       |       |     4 |       |    17 ||    21
       Rod               |       |       |       |       |       |       |     1 |     3 |   142 ||   146
       Staff of energy   |       |       |       |       |       |       |       |       |     6 ||     6
       Fan of gales      |       |       |       |       |       |       |       |       |     4 ||     4
       Phial of floods   |       |       |       |       |       |       |       |       |     3 ||     3
  Use: Scroll            |       |     9 |     3 |     7 |    16 |     5 |    19 |    17 |   105 ||   181
 Stab: Sleeping          |    18 |    41 |    30 |    65 |   162 |   114 |    10 |     4 |       ||   444
       Confused          |     1 |     2 |    22 |    49 |    78 |   109 |    89 |    12 |   302 ||   664
       Distracted        |       |       |       |     6 |    10 |    28 |    18 |    16 |   172 ||   250
       Invisible         |       |       |       |       |       |     4 |     1 |       |    15 ||    20
       Petrified         |       |       |       |       |       |       |       |       |     2 ||     2

Vault maps used:
D:1:      dpeg_arrival_sounds_slurp
D:2:      overflow_temple_1_default, uniq_jessica
D:3:      grunt_qazlal_sundering
D:4:      lemuel_coloured_pillars_altar, grunt_dithmenos_smoke_and_mirrors,
          cheibriados_altar_1, first_bread
D:5:      grunt_temple_overflow_gold_and_silver, nicolae_overflow_crystal_walls,
          temple_hall, basic_altar, serial_shops, nicolae_shop_waterfront,
          moated_statue
D:6:      kennysheep_mini_moat, basic_altar, serial_glass, glass_columns_a,
          glass_columns_a, serial_shops, shop_statue, serial_bayou_crossing
D:7:      grunt_livestock, uniq_prince_ribbit1, uniq_joseph
D:8:      vehumet_altar_wand_db, kennysheep_little_box, old_standard_altar
D:9:      old_standard_altar, dpeg_lair_monsters, serial_shops, shop
D:10:     special_room
D:11:     orc_0_dummy, uniq_grum
D:12:     kennysheep_scales
D:13:     kennysheep_six_static_rooms, basic_altar,
          hangedman_abyss_or_decor_lesser_grid, minivault_19
D:14:     david_vaults_2, corexii_corridor_pit
D:15:     grunt_enter_depths_hoard, basic_altar, minmay_fountain_box,
          minmay_crystal_box, uniq_louise, uniq_rupert
Lair:1:   uniq_nergalle
Lair:2:   fungi_pond_lemuel, serial_bayou_shore_b, uniq_fannar
Lair:3:   spider_nest_entry_web_field, lemuel_fruit_tree,
          infiniplex_staircase_pool_2
Lair:4:   nicolae_volcano_entry_s_turn, grunt_megastairs_2, uniq_josephine
Lair:5:   infiniplex_staircase_pool
Lair:6:   swamp_mist, basic_altar, lemuel_centaur_altar, uniq_snorg
Lair:7:   bh_autumn_forest_stairs, grunt_megastairs_3
Lair:8:   minmay_lair_end_enchanted_forest, nicolae_slime_entry_slimehenge
Swamp:1:  serial_swamp_ruin, hangedman_swamp_ruin_wall,
          evilmike_swamp_ruin_rubble_1, swamp_pool3
Swamp:2:  hangedman_swamp_cone, swamp_pool5, nicolae_swamp_godswood,
          statue_in_the_mist_lemuel, nicolae_swamp_snake_nest, uniq_donald
Swamp:3:  nicolae_swamp_trees_clearing
Swamp:4:  swamp_icy, uniq_nikola
Spider:1: uniq_kirke
Spider:2: uniq_aizul, uniq_arachne
Spider:3: nicolae_crawler_farm
Spider:4: grunt_spider_rune_circles
Slime:5:  cheibrodos_slime_lost_civilization_7
Orc:1:    roderic_batcave
Orc:2:    orc_temple
Orc:3:    basic_altar, portal_ice_cave_entry_ice_beasts, nicolae_orc_pool_cavern
Orc:4:    grunt_orc_gardens, grunt_orc_garden, grunt_orc_garden,
          grunt_orc_garden, grunt_orc_garden
Elf:1:    eino_elf_arrival_the_gate, kennysheep_underground_church
Elf:2:    lemuel_elevator
Elf:3:    minmay_elf_hall_quartered_circle, basic_altar, stair_cage_wide,
          uniq_asterion
Vaults:1: v_rooms_2, grunt_vaults_hallway_long, grunt_vaults_funneled_arena,
          nicolae_vaults_little_squares_1, v_pattern_5,
          hangedman_vaults_corner_blocks, nicolae_vaults_little_squares_4,
          nicolae_vaults_yaktaur_gun_rack
Vaults:2: nicolae_vaults_circle_grid_a, nicolae_vaults_puzzle_piece,
          vaults_dpeg_doors, v_misc_27, ontoclasm_vaults_ring_small,
          nicolae_vaults_border_crossing, nicolae_vaults_murderbox,
          ontoclasm_vaults_spin, nicolae_vaults_diagonal_hallway_6,
          grunt_vaults_diagonal, ontoclasm_vaults_idyll, v_misc_30,
          serial_shops, shop
Vaults:3: blue_anna_dwarven_crypt, v_misc_5, vaults_mumra_hex, v_pattern_2,
          ontoclasm_vaults_bender, v_alt_pattern_1, ontoclasm_vaults_idyll,
          vaults_dpeg_spiral, v_misc_4, nicolae_vaults_rhombus_5,
          nicolae_vaults_little_squares_2, hangedman_vaults_impose,
          ontoclasm_vaults_pinch, hangedman_vaults_stretched_pinwheel,
          vaults_room_semicircle, nicolae_vaults_alarming
Vaults:4: v_misc_9, hangedman_vaults_slither, v_misc_24,
          nicolae_vaults_what_the_h, hangedman_vaults_slice,
          nicolae_vaults_display_case, hangedman_vaults_slice, v_misc_24,
          v_misc_26, ontoclasm_vaults_loading_screen, vaults_dpeg_ring
Crypt:1:  hangedman_screamer, grunt_crypt_arrival_guarded_gate
Crypt:3:  lightli_unholy_cathedral
Tomb:1:   uniq_jory
Depths:1: marbit_kobold_abyss_entry, hell_entry, serial_sigils,
          serial_sigils_hangedman_stare, serial_sigils_hangedman_gut,
          serial_sigils_hangedman_gnaw, serial_sigils_hangedman_gut,
          kennysheep_generic_room_5, serial_bayou_shore_b, firewood_loft
Depths:2: lightli_tower_of_babel, pf_hell_entry_tar_spiral, pan_entry,
          hangedman_decor_lopped
Depths:3: minmay_textured_paths, pf_hell_entry_great_geh,
          rand_demon_pan_entry_7, st_stairs_5, minmay_staircase_windowed_large
Depths:4: mludivico_vault, hell_entry, grunt_decor_arrowhead,
          abyss_entry_crystal, nicolae_sextant, infiniplex_staircase_zigzag_4,
          uniq_xtahua, uniq_margery
Depths:5: evilmike_zot_entry_castle, enter_ziggurat_d,
          hangedman_abyss_entry_splay, hex_tiny, hell_entry, grunt_ministairs_9,
          glass_columns_b
Dis:2:    kennysheep_iron_temple
Dis:3:    door_vault
Dis:4:    nrook_loot_triangle
Dis:7:    dis_st
Geh:2:    lemuel_flamethrower_3
Geh:5:    lemuel_elevator
Geh:7:    evilmike_geh
Coc:7:    coc_old
Tar:2:    minmay_shadows
Tar:7:    tar_grunt_cathedral
Zot:1:    hangedman_orp_of_zott
Zot:2:    st_large_dragon_hoard_1
Zot:5:    st_stairs_5, lemuel_baited_zot_trap, basic_stair_grate_trap
Abyss:2:  minivault_5, serial_sigils_hangedman_gut, minivault_25
Abyss:3:  abyss_exit_lava, abyss_furniture_001
Abyss:4:  evilmike_abyss_exit_10, due_exit_kobolds, abyss_rune_water_cross
Pan:      evilmike_mini_pan_3x3, pan_blood_fountain, rand_demon_5,
          pan_blood_fountain_2, nicolae_pan_glass_arcs, grunt_pan_in_and_out,
          evilmike_mini_pan_diamond, pan_blood_fountain_small,
          pan_blood_fountain, evilmike_mini_pan_pillars_b,
          nicolae_pan_cerebovesque_2, evilmike_mini_pan_3x3, rand_demon_2,
          pan_blood_fountain_2, rand_demon_5, pan_blood_fountain,
          nicolae_pan_sick_transit, nicolae_pan_giant_door, rand_demon_9,
          rand_demon_7, rand_demon_8, pan_blood_fountain_2,
          pan_blood_fountain_small, lom_lobon_grunt, nicolae_pan_sick_transit,
          nicolae_pan_gloorx_vloqian_3, evilmike_mini_pan_corner,
          nicolae_pan_mnolegish_3, grunt_pan_spiral, lemuel_hellion_island,
          rand_demon_6, uniq_mennas_pan, evilmike_mini_pan_layers,
          pan_blood_fountain_small, nicolae_pan_cerebovesque_2,
          evilmike_mini_pan_T, pan_blood_fountain_small,
          evilmike_mini_pan_other_thingy, pan_blood_fountain_small,
          nicolae_pan_cerebovesque_1, evilmike_mini_pan_corner,
          evilmike_mini_pan_3x3, pan_blood_fountain_small, evilmike_holy_pan,
          evilmike_mnoleg_eyes, pan_blood_fountain, rand_demon_6,
          nicolae_pan_cerebovesque_3, evilmike_mini_pan_T,
          evilmike_mini_pan_murderfest, nicolae_pan_sigil_uleosi,
          nicolae_pan_mnolegish_1, grunt_pan_frozen_over,
          pan_blood_fountain_small, evilmike_mini_pan_doors_b,
          grunt_pan_in_and_out, nicolae_pan_cerebovesque_3,
          nicolae_pan_glass_arcs, nicolae_pan_mnolegish_2,
          evilmike_gloorx_vloq_box, pan_blood_fountain_small,
          cerebov_grunt_fire_and_steel, pan_blood_fountain_small,
          reaverb_pan_figure_eight
Zig:11:   ziggurat_pillar_centre_dead_trees
Zig:12:   ziggurat_loot_2
IceCv:    ice_cave_small_dragons
Volcano:  volcano_pools
